 Dungeon Crawl Stone Soup version 0.21.0-3-g78d12a8 (webtiles) character file.

2494 tidbits the Covert (level 9, -4/48 HPs)
             Began as a Vine Stalker Wizard on Jan 10, 2018.
             Was a Follower of Cheibriados.
             Slain by a salamander (9 damage)
             ... on level 10 of the Dungeon.
             The game lasted 00:35:22 (3363 turns).

tidbits the Covert (Vine Stalker Wizard)            Turns: 3363, Time: 00:35:22

Health: -4/48      AC: 12    Str: 16    XL:     9   Next: 52%
Magic:  0/24       EV: 14    Int: 21    God:    Cheibriados [*.....]
Gold:   93         SH:  0    Dex: 18    Spells: 1/15 levels left

rFire    + . .     SeeInvis .   o - +0 flail (protect)
rCold    . . .     Gourm    .   (no shield)
rNeg     . . .     Faith    .   B - +0 robe {MR+}
rPois    +         Spirit   +   E - +2 helmet
rElec    .         Reflect  .   (no cloak)
rCorr    .         Harm     .   G - +0 pair of gloves
MR       ++...                  (no boots)
Stlth    ++++......             U - amulet of magic regeneration
HPRegen  0.56/turn              P - ring of poison resistance
MPRegen  0.44/turn              u - ring of magical power

@: protection aura, very slow
A: fangs 3, agile 1, blurry vision 1, deformed body, fire resistance 1,
regeneration 1, magic shield, antimagic bite, no potion heal 3, rot immunity
a: Bend Time, Renounce Religion


You were on level 10 of the Dungeon.
You worshipped Cheibriados.
Cheibriados was aware of your devotion.
You were not hungry.

You visited 1 branch of the dungeon, and saw 10 of its levels.

You collected 342 gold pieces.
You spent 249 gold pieces at shops.

Inventory:

Hand Weapons
 a - a +1 dagger of freezing
   (You took it off a goblin on level 3 of the Dungeon)
 f - a +0 short sword
 h - a +0 hand crossbow
 m - a cursed -1 hunting sling
 o - a +0 flail of protection (weapon)
   (You took it off an orc on level 10 of the Dungeon)
 q - a +2 dagger of speed
   (You found it on level 2 of the Dungeon)
 s - a +0 long sword
 x - a +0 dagger
 N - a +3 vampiric falchion
   (You found it on level 7 of the Dungeon)
 R - a +3 flail of distortion
   (You took it off an orc on level 10 of the Dungeon)
Missiles
 g - 81 arrows
 n - 30 stones
 C - 7 javelins of returning (quivered)
Armour
 b - a +0 hat
 e - a +0 robe
 B - a +0 robe of magic resistance (worn)
   (You found it on level 5 of the Dungeon)
 E - a +2 helmet (worn)
 F - a +0 robe of cold resistance
   (You took it off an orc wizard on level 4 of the Dungeon)
 G - a +0 pair of gloves (worn)
 I - a +1 leather armour of cold resistance
   (You found it on level 4 of the Dungeon)
Jewellery
 i - an uncursed ring of protection from cold
   (You found it on level 4 of the Dungeon)
 l - an uncursed ring of positive energy
   (You found it on level 2 of the Dungeon)
 u - a ring of magical power (right hand)
   (You found it on level 4 of the Dungeon)
 z - an uncursed ring of fire
   (You took it off a goblin on level 3 of the Dungeon)
 M - an uncursed ring of protection from fire
   (You found it on level 6 of the Dungeon)
 P - a ring of poison resistance (left hand)
   (You found it on level 2 of the Dungeon)
 U - an amulet of magic regeneration (around neck)
   (You found it on level 10 of the Dungeon)
 V - an uncursed amulet of guardian spirit {unknown}
   (You found it on level 10 of the Dungeon)
Wands
 j - a wand of polymorph (7)
 K - a wand of flame (43)
Scrolls
 p - 3 scrolls of enchant weapon
 r - 3 scrolls of remove curse
 w - 2 scrolls of immolation
 y - a scroll of magic mapping
 D - 2 scrolls of amnesia
 W - a scroll of identify
Potions
 k - 2 potions of flight
 v - 3 potions of magic
 J - a potion of lignification {unknown}
 L - a potion of curing
 O - a potion of berserk rage {unknown}
 S - a potion of haste {unknown}
Books
 d - a book of Minor Magic

   Spells                             Type                      Level
   a - Magic Dart                     Conjuration                  1
   b - Blink                          Translocation                2
   c - Call Imp                       Summoning                    2
   d - Slow                           Hexes                        2
   e - Conjure Flame                  Conjuration/Fire             3
   f - Mephitic Cloud                 Conjuration/Poison/Air       3
 H - a book of Cantrips
   (You found it on level 6 of the Dungeon)

   Spells                             Type                      Level
   a - Confusing Touch                Hexes                        1
   b - Animate Skeleton               Necromancy                   1
   c - Summon Small Mammal            Summoning                    1
   d - Apportation                    Translocation                1
 T - a book of Maledictions
   (You found it on level 10 of the Dungeon)

   Spells                             Type                      Level
   a - Corona                         Hexes                        1
   b - Ensorcelled Hibernation        Hexes/Ice                    2
   c - Confuse                        Hexes                        3
   d - Tukima's Dance                 Hexes                        3
   e - Dazzling Spray                 Conjuration/Hexes            3
Miscellaneous
 Q - a box of beasts
Comestibles
 c - 6 rations
 A - 2 chunks of flesh


   Skills:
 + Level 6.0 Fighting
 - Level 0.8 Short Blades
 - Level 3.4 Dodging
 + Level 9.2 Stealth
 - Level 3.6 Spellcasting
 - Level 1.7 Conjurations
 - Level 3.7 Hexes
 - Level 1.0 Summonings
 - Level 1.0 Translocations
 - Level 1.2 Fire Magic
 - Level 1.2 Air Magic
 - Level 1.2 Poison Magic
 - Level 4.2 Invocations


You had one spell level left.
You knew the following spells:

 Your Spells              Type           Power        Failure   Level  Hunger
a - Magic Dart            Conj           ##..         6%          1    None
b - Blink                 Tloc           N/A          12%         2    ##.....
c - Conjure Flame         Conj/Fire      ##......     21%         3    ###....
i - Call Imp              Summ           #.......     12%         2    ##.....
m - Mephitic Cloud        Conj/Pois/Air  #.......     22%         3    ###....
n - Animate Skeleton      Necr           N/A          13%         1    None
t - Confusing Touch       Hex            ###...       2%          1    None
A - Apportation           Tloc           #.....       9%          1    None


Dungeon Overview and Level Annotations

Branches:
Dungeon (10/15)            Temple (0/1) D:5
   Lair: D:8-11         Orc: D:9-12

Altars:
Cheibriados
Elyvilon
Sif Muna
Zin

Shops:
D:6 **=*

Annotations:
D:4 exclusion: scorpion
D:5 exclusions: ogre and orc priest
D:6 exclusions: leopard gecko and 2 wights
D:9 exclusion: killer bee


Innate Abilities, Weirdness & Mutations

You have razor-sharp teeth.
Your natural rate of healing is unusually fast.
When hurt, damage is shared between your health and your magic reserves.
Your bite disrupts and absorbs the magic of your enemies.
Potions cannot restore your health.
You are immune to rotting.
You are agile. (Dex +2)
Scrolls take you a little longer to read.
Armour fits poorly on your strangely shaped body.
Your flesh is heat resistant. (rF+)


Message History

You feel slightly more hungry. Something hits you. The orc closely misses you.
The orc warrior hits you with a long sword!!
* * * LOW HITPOINT WARNING * * *
A bullfrog comes into view.
Okay, then.
Okay, then.
Unknown command.
Evoke which item? (* to show all) (? for menu, Esc to quit)
Aiming: Polymorph
Press: ? - help, Shift-Dir - straight line, f - orc
Aim: an orc, wielding a flail and wearing a leather armour (slow, chance to defeat MR: 63%)
A salamander appears out of thin air!
Unknown command.
The flow of time bends around you.
Cheibriados rebukes the orc warrior.
The orc warrior seems to slow down.
Cheibriados rebukes the orc.
The orc seems to slow down.
Cheibriados rebukes the salamander.
The salamander seems to slow down.
Cheibriados rebukes the bullfrog.
The bullfrog seems to slow down.
You feel slightly more hungry. The salamander hits you!
* * * LOW HITPOINT WARNING * * *
You are engulfed in flames.
You resist.
* * * LOW HITPOINT WARNING * * *
The bullfrog misses you.
Evoke which item? (* to show all) (? for menu, Esc to quit)
You open the lid... ...and a larval weirdfire beast leaps out!
The bullfrog hits you. The salamander barely misses you.
Unknown command.
Unknown command.
Okay, then.
Okay, then.
Unknown command.
Unknown command.
Your larval weirdfire beast hits the orc warrior.
Your larval weirdfire beast barely misses the orc warrior.
The orc barely misses you.
Your larval weirdfire beast hits the orc warrior but does no damage.
Your larval weirdfire beast grabs the orc warrior.
Your larval weirdfire beast constricts the orc warrior.
The bullfrog closely misses you.
The orc warrior struggles to escape constriction.
Unknown command.
Wield which item (- for none, * to show all)? (? for menu, Esc to quit)
Okay, then.
Your larval weirdfire beast breathes flames at the orc warrior.
The blast of flame hits the orc warrior.
The blast of flame hits the bullfrog.
Your larval weirdfire beast constricts the orc warrior.
The orc barely misses your larval weirdfire beast.
Your larval weirdfire beast hits the orc warrior but does no damage.
Your larval weirdfire beast constricts the orc warrior.
The orc warrior struggles to escape constriction.
Unknown command.
Wield which item (- for none, * to show all)? (? for menu, Esc to quit)
Your +1 dagger of freezing stops glowing.
Your +0 flail of protection hums with potential!
o - a +0 flail of protection (weapon)
The bullfrog hits you but does no damage.
The orc hits your larval weirdfire beast but does no damage.
Unknown command.
You closely miss the bullfrog. You bite the bullfrog. You drain its power.
You feel invigorated.
The bullfrog is heavily wounded.
Your larval weirdfire beast barely misses the orc.
Your larval weirdfire beast constricts the orc warrior.
The bullfrog closely misses you.
The orc warrior struggles to escape constriction.
Your larval weirdfire beast barely misses the orc.
Your larval weirdfire beast constricts the orc warrior.
You thump the bullfrog!
Your weapon exudes an aura of protection.
You kill the bullfrog!
Cheibriados appreciates the change of pace.
The orc hits your larval weirdfire beast but does no damage.
Your larval weirdfire beast hits the orc!
The orc dies!
Cheibriados appreciates the change of pace.
Your larval weirdfire beast constricts the orc warrior.
The salamander hits you.
* * * LOW HITPOINT WARNING * * *
You are engulfed in flames.
You resist.
* * * LOW HITPOINT WARNING * * *
The orc warrior escapes!
Unknown command.
Unknown command.
You hit the orc warrior. Your bite misses the orc warrior.
The orc warrior is severely wounded.
Your larval weirdfire beast hits the orc warrior but does no damage.
Your larval weirdfire beast grabs the orc warrior.
Your larval weirdfire beast constricts the orc warrior.
The orc warrior hits you with a long sword!
* * * LOW HITPOINT WARNING * * *
The salamander hits you!
You die...

.......##....................#
#.
#......##....................#
#.
#......##....................#
#†
#......##.................#..#
#<
#.................#.......#..#
#. #...............).# ...
...............Ho.# ..[..
..##............oN# .###.
..##............@.# #.
#.##..............# #.
#.##..............# #.
#.##..............#
#.##..............#
#.##..............#.......#..#
#.##..###.........#.......#...
.....
#.........#..............
......#
#........................


You could see a salamander, an orc warrior, an orc and a friendly larval
weirdfire beast.

Vanquished Creatures
  An ugly thing (D:10)
  Grinder (D:4)
  A wyvern (D:9)
  The ghost of Aviak the Chucker, an amateur OgHu (D:3)
  A black bear (D:9)
  A phantom (D:5)
  A tengu (D:3)
  3 centaurs
  3 bullfrogs
  A centaur zombie (D:8)
  2 crimson imps
  4 hounds
  2 orc priests
  A centaur skeleton (D:7)
  Jessica (D:3)
  An iguana (D:8)
  6 worker ants
  7 orc wizards
  A hound skeleton (D:4)
  A howler monkey skeleton (D:4)
  A worker ant zombie (D:7)
  10 adders
  2 oozes (D:3)
  An adder zombie (D:6)
  2 worms
  7 dart slugs
  4 leopard geckos
  11 orcs
  7 bats
  6 giant cockroaches
  15 goblins
  11 hobgoblins
  2 jackals (D:2)
  11 kobolds
  2 quokkas
  2 frilled lizards
  A jackal zombie (D:7)
  A quokka skeleton (D:7)
  6 rats
142 creatures vanquished.

Vanquished Creatures (collateral kills)
  A sky beast (D:10)
  A crimson imp (D:7)
  A hound (D:10)
  An adder (D:4)
  An orc (D:10)
  A hobgoblin (D:3)
  A goblin (D:3)
7 creatures vanquished.

Vanquished Creatures (others)
  Robin (D:3)
  A dart slug (D:3)
  A hobgoblin (D:3)
3 creatures vanquished.

Grand Total: 152 creatures vanquished

Notes
Turn   | Place    | Note
-------+----------+-------------------------------------------
     0 | D:1      | tidbits the Vine Stalker Wizard began the quest for the Orb.
     0 | D:1      | Reached XP level 1. HP: 9/9 MP: 5/5
    10 | D:1      | Noticed an electric eel
   168 | D:1      | Reached skill level 3 in Stealth
   168 | D:1      | Reached XP level 2. HP: 12/14 MP: 1/7
   172 | D:1      | Learned a level 2 spell: Blink
   187 | D:1      | Reached skill level 1 in Fighting
   386 | D:2      | Reached XP level 3. HP: 18/18 MP: 6/8
   586 | D:3      | Noticed Aviak's ghost (amateur OgHu)
   716 | D:2      | Found a deep blue altar of Sif Muna.
   796 | D:2      | Reached skill level 4 in Stealth
   869 | D:3      | Noticed Ijyb
   875 | D:3      | Noticed Ijyb
   875 | D:3      | Ijyb changed into Ijyb the wolf
   879 | D:3      | Noticed Ijyb
   879 | D:3      | Ijyb the wolf changed into Ijyb the tengu
   883 | D:3      | Killed Ijyb the tengu
   883 | D:3      | Reached skill level 2 in Fighting
   883 | D:3      | Reached skill level 5 in Stealth
   883 | D:3      | Gained mutation: Your natural rate of healing is unusually fast. [Vine Stalker growth]
   883 | D:3      | Reached XP level 4. HP: 16/23 MP: 9/9
   883 | D:3      | Reached XP level 5. HP: 20/28 MP: 10/10
   914 | D:3      | Killed Aviak's ghost
   914 | D:3      | Reached skill level 3 in Fighting
   914 | D:3      | Reached XP level 6. HP: 21/32 MP: 6/11
   973 | D:3      | Noticed Jessica
  1102 | D:5      | Entered Level 5 of the Dungeon
  1105 | D:4      | Noticed Grinder
  1111 | D:4      | Killed Grinder
  1111 | D:4      | Reached skill level 4 in Fighting
  1111 | D:4      | Reached skill level 6 in Stealth
  1111 | D:4      | Reached XP level 7. HP: 37/37 MP: 12/12
  1126 | D:4      | Reached skill level 7 in Stealth
  1249 | D:3      | Noticed Robin
  1268 | D:3      | Your ally died
  1537 | D:3      | Found a snail-covered altar of Cheibriados.
  1551 | D:3      | Became a worshipper of Cheibriados the Contemplative
  1556 | D:3      | Killed Jessica
  1679 | D:5      | Reached skill level 5 in Fighting
  1838 | D:4      | Reached skill level 2 in Dodging
  1865 | D:4      | Learned a level 2 spell: Call Imp
  1869 | D:4      | Learned a level 3 spell: Conjure Flame
  1873 | D:4      | Learned a level 3 spell: Mephitic Cloud
  1981 | D:5      | Found a staircase to the Ecumenical Temple.
  2270 | D:5      | Gained mutation: You have razor-sharp teeth. [Vine Stalker growth]
  2270 | D:5      | Reached XP level 8. HP: 43/43 MP: 14/14
  2356 | D:5      | Reached skill level 1 in Fire Magic
  2356 | D:5      | Reached skill level 1 in Air Magic
  2356 | D:5      | Reached skill level 1 in Poison Magic
  2373 | D:6      | Found Kifreqim's General Store.
  2373 | D:6      | Found Deonov's General Store.
  2373 | D:6      | Found Utyust's Assorted Antiques.
  2374 | D:6      | Found Eptaappo's Jewellery Emporium.
  2376 | D:6      | Bought a scroll of teleportation for 42 gold pieces
  2397 | D:6      | Bought a slimy bone ring for 135 gold pieces
  2398 | D:6      | Identified the cursed ring of Oqagy {rElec rPois rC++ AC-5 Slay-4} (You bought it in a shop on level 6 of the Dungeon)
  2403 | D:6      | Bought a glowing ruby potion for 24 gold pieces
  2403 | D:6      | Bought 2 sapphire potions for 48 gold pieces
  2420 | D:6      | Reached * piety under Cheibriados
  2446 | D:6      | Learned a level 1 spell: Apportation
  2448 | D:6      | Learned a level 1 spell: Animate Skeleton
  2450 | D:6      | Learned a level 1 spell: Confusing Touch
  2508 | D:6      | Reached skill level 8 in Stealth
  2707 | D:7      | Gained mutation: You are agile. (Dex +2) [potion of mutation]
  2707 | D:7      | Gained mutation: Armour fits poorly on your strangely shaped body. [potion of mutation]
  2707 | D:7      | Gained mutation: Scrolls take you a little longer to read. [potion of mutation]
  2707 | D:7      | Gained mutation: Your flesh is heat resistant. (rF+) [potion of mutation]
  2810 | D:7      | Reached skill level 3 in Dodging
  2881 | D:9      | Noticed a wyvern
  2885 | D:9      | Killed a wyvern
  2885 | D:9      | Reached skill level 9 in Stealth
  2900 | D:9      | Found a white marble altar of Elyvilon.
  2928 | D:9      | Reached skill level 1 in Invocations
  2934 | D:9      | Reached XP level 9. HP: 40/48 MP: 10/15
  2959 | D:9      | Reached skill level 2 in Invocations
  2964 | D:9      | Reached skill level 3 in Invocations
  3021 | D:9      | Found a glowing silver altar of Zin.
  3081 | D:10     | Entered Level 10 of the Dungeon
  3174 | D:10     | Reached skill level 4 in Invocations
  3201 | D:10     | Noticed a purple ugly thing
  3235 | D:10     | Killed a purple ugly thing
  3235 | D:10     | Reached skill level 3 in Hexes
  3272 | D:10     | Reached skill level 6 in Fighting
  3354 | D:10     | Noticed a salamander
  3363 | D:10     | Slain by a salamander

Skill      XL: |  1  2  3  4  5  6  7  8  9 |
---------------+----------------------------+-----
Stealth        | 3 5 6 7 9 |  9.2
Fighting       | 1 2 3 4 5 6 |  6.0
Dodging        | 2 3 |  3.4
Fire Magic     | 1 |  1.2
Air Magic      | 1 |  1.2
Poison Magic   | 1 |  1.2
Invocations    | 1 4 |  4.2
Hexes          | 3 |  3.7
Short Blades   | |  0.8
Spellcasting   | |  3.6
Conjurations   | |  1.7
Summonings     | |  1.0
Translocations | |  1.0

Action                   |  1- 3 |  4- 6 |  7- 9 || total
-------------------------+-------+-------+-------++-------
Melee: Dagger            |    48 |    24 |   378 ||   450
       Bite              |    11 |     4 |    87 ||   102
       Flail             |       |       |     3 ||     3
Throw: Javelin           |       |       |     2 ||     2
 Cast: Magic Dart        |    60 |     2 |    37 ||    99
       Call Imp          |       |       |     4 ||     4
       Mephitic Cloud    |       |       |     1 ||     1
       Conjure Flame     |       |       |     2 ||     2
       Animate Skeleton  |       |       |     1 ||     1
       Confusing Touch   |       |       |     2 ||     2
Invok: Bend Time         |       |       |    11 ||    11
Evoke: Wand              |     2 |     4 |    26 ||    32
       Box of beasts     |       |       |     1 ||     1
  Use: Potion            |     2 |       |     4 ||     6
       Scroll            |     1 |       |    11 ||    12
 Stab: Sleeping          |    12 |     1 |    19 ||    32
       Invisible         |     2 |     4 |       ||     6
  Eat: Chunk             |       |     1 |     7 ||     8
Armor: Robe              |     5 |     1 |    68 ||    74
Dodge: Dodged            |    31 |     8 |   181 ||   220

Table legend:
 A = Turns spent in this place as a percentage of turns spent in the entire game.
 B = Non-inter-level travel turns spent in this place as a percentage of non-inter-level travel turns spent in the entire game.
 C = Inter-level travel turns spent in this place as a percentage of turns spent in this place.
 D = Turns resting spent in this place as a percentage of non-inter-level travel turns spent in this place.
 E = Turns spent auto-exploring this place as a percentage of non-inter-level travel turns spent in this place.
 F = Non-inter-level travel turns spent in this place divided by the number of levels of this place that you've seen.
                   A       B       C       D       E      F
               +-------+-------+-------+-------+-------+----------------------
         Total | 100.0 | 100.0 |   7.2 |   0.0 |   0.0 | 312.1
       Dungeon | 100.0 | 100.0 |   7.2 |   0.0 |   0.0 | 312.1
               +-------+-------+-------+-------+-------+----------------------

Table legend:
 A = Kills in this place as a percentage of kills in entire the game.
 B = Kills by you in this place as a percentage of kills by you in the entire game.
 C = Kills by friends in this place as a percentage of kills by friends in the entire game.
 D = Other kills in this place as a percentage of other kills in the entire game.
 E = Experience gained in this place as a percentage of experience gained in the entire game.
 F = Experience gained in this place divided by the number of levels of this place that you have seen.
                   A       B       C       D       E      F
               +-------+-------+-------+-------+-------+----------------------
         Total | 100.0 | 100.0 | 100.0 |   N/A | 100.0 | 356.3
       Dungeon | 100.0 | 100.0 | 100.0 |   N/A | 100.0 | 356.3
               +-------+-------+-------+-------+-------+----------------------

Vault maps used:
D:1:      arrival_aquarium_a
D:2:      old_standard_altar
D:3:      kennysheep_slugbush, cheibriados_altar_1, uniq_ijyb, uniq_robin,
          uniq_jessica
D:4:      old_standard_altar, first_ration, minmay_bisected, uniq_grinder
D:5:      minmay_temple_entry_junction
D:6:      nrook_mini_vaults, minmay_shop_grid_forest
D:7:      xom_shifter_show, kennysheep_mini_moat, lemuel_round_altar,
          serial_corexii_hall, corexii_hall_statues_l, corexii_hall_statues_l,
          nicolae_qazlal_general_emergency, uniq_joseph
D:9:      kennysheep_mini, lemuel_crystal_altar, lemuel_round_altar,
          old_standard_altar
